AoeStats
← タタールが村に入った

Oasis

510159232Analyzed
4v4 RM · 17h ago on Sep 29, 2026· 11m 22s· 8 players
Game mode
Random Map
Map size
Large (8 player)
Population
200
Speed
Normal
Resources
Standard
Victory
Conquest
Starting age
Dark Age
Ending age
Imperial Age
RankedLock teamsTeams togetherTeam positionsShared explorationLock speedFull tech treeHidden civsTurbo modeCheats
Victory
Defeat
🇮🇳 Byzantines · India
1378
+14
🇩🇪 Saracens · Germany
1276
+18
🇩🇪 Khmer · Germany
1271
+18
🇸🇪 Poles · Sweden
1225
+20
1351
-19
🇬🇧 Saxons · United Kingdom
1319
-17
1309
-17
🇬🇧 Danes · United Kingdom
1308
-17
cdb
1:48 Loom
10:09 Feudal Age
Grintoid
5:14 Loom
12:15 Feudal Age
タタールが村に入った
6:08 Loom
9:27 Feudal Age
AiM | HolaRigbi2025
7:07 Loom
9:18 Feudal Age
9:58 Double-Bit Axe
NotADuck
9:35 Feudal Age
10:33 Double-Bit Axe
Szorinx
4:08 Loom
8:59 Feudal Age
Jesus_was_black
0:32 Loom
10:32 Feudal Age
snek_fan
3:20 Loom
Connection lost

Rejoining the realm…

Still unreachable

The connection could not be restored.

Session expired

The server has moved on; the page needs a fresh start.